 Dungeon Crawl Stone Soup version 0.30-a0-777-ga9a30cbeda (webtiles) character file.

Game seed: 11496235522903594908

816 porpoise the Sneak (level 7, -1/51 HPs)
             Began as a Gnoll Enchanter on Feb 14, 2023.
             Was an Initiate of Ashenzari.
             Slain by a gnoll
             ... wielding a +0 spear
              (9 damage)
             ... on level 5 of the Dungeon.
             The game lasted 00:17:34 (5116 turns).

porpoise the Sneak (Gnoll Enchanter)                Turns: 5116, Time: 00:17:35

Health: -1/51      AC:  3    Str:  8    XL:     7   Next: 94%
Magic:  10/15      EV: 13    Int: 16    God:    Ashenzari [......]
Gold:   144        SH:  0    Dex: 12    Spells: 9/17 levels left

rFire   . . .      SeeInvis .    D - +1 dagger
rCold   . . .      Faith    .    (no shield)
rNeg    . . .      Spirit   .    i - +0 robe
rPois   .          Reflect  .    (no helmet)
rElec   .          Harm     .    (no cloak)
rCorr   .          Rampage  .    e - +0 pair of gloves
Will    .....                    (no boots)
Stlth   +++                      l - amulet of regeneration
HPRegen 1.08/turn                (no ring)
MPRegen 0.14/turn                (no ring)

@: no status effects
A: fangs 1, strong nose, distributed training
a: Renounce Religion


You were on level 5 of the Dungeon.
You worshipped Ashenzari.
Ashenzari was noncommittal.
You visited 1 branch of the dungeon, and saw 5 of its levels.
You also visited: Sewer.

You collected 144 gold pieces.

Inventory:

Hand Weapons
 a - a +0 dagger of venom
 b - a +2 vampiric short sword
 n - a +2 dagger of pain
 D - a +1 dagger (weapon)
Missiles
 s - 9 poisoned darts (quivered)
Armour
 e - a +0 pair of gloves (worn)
 i - a +0 robe (worn)
Jewellery
 l - an amulet of regeneration (around neck)
 t - an amulet of the acrobat
 B - a ring of willpower
Scrolls
 d - 3 scrolls of blinking
 f - a scroll of fear {unknown}
 g - 2 scrolls of noise
 p - a scroll of magic mapping {unknown}
 r - a scroll of teleportation
 w - a scroll of acquirement {unknown}
 y - a scroll of fog {unknown}
 A - a scroll of butterflies
 C - a scroll of identify
Potions
 c - 2 potions of invisibility
 h - a potion of ambrosia
 j - 4 potions of curing
 k - a potion of might {unknown}
 m - 2 potions of lignification
 o - a potion of mutation {unknown}
 q - 3 potions of attraction
 u - 2 potions of haste
 v - a potion of heal wounds
 x - 2 potions of flight
 z - a potion of degeneration {unknown}


   Skills:
 + Level 2.9 Fighting
 + Level 3.9 Short Blades
 + Level 2.9 Long Blades
 + Level 2.9 Axes
 + Level 2.9 Maces & Flails
 + Level 2.9 Polearms
 + Level 2.9 Staves
 + Level 2.9 Ranged Weapons
 + Level 2.9 Throwing
 + Level 2.9 Armour
 + Level 5.4 Dodging
 + Level 6.7 Stealth
 + Level 2.9 Shields
 + Level 2.9 Unarmed Combat
 + Level 5.8 Spellcasting
 + Level 2.3 Conjurations
 + Level 6.0 Hexes
 + Level 2.3 Summonings
 + Level 2.3 Necromancy
 + Level 2.3 Translocations
 + Level 2.3 Transmutations
 + Level 2.3 Fire Magic
 + Level 2.3 Ice Magic
 + Level 2.3 Air Magic
 + Level 2.3 Earth Magic
 + Level 2.3 Poison Magic
 + Level 3.2 Invocations
 + Level 2.9 Evocations


You had 9 spell levels left.
You knew the following spells:

 Your Spells              Type           Power      Damage    Failure   Level
a - Confusing Touch       Hex            23%        N/A       3%          3
e - Ensorcelled Hibernat  Hex/Ice        36%        N/A       3%          2
t - Tukima's Dance        Hex            23%        N/A       3%          3

Your spell library contained the following spells:

 Spells                   Type           Power      Damage    Failure   Level
 Lesser Beckoning         Tloc           24%        N/A       8%          2
 Dazzling Flash           Conj/Hex       36%        N/A       8%          3
 Gell's Gravitas          Tloc           12%        N/A       16%         3
 Teleport Other           Tloc           12%        N/A       16%         3


Dungeon Overview and Level Annotations

Branches:
Dungeon (5/15)             Temple (0/1) D:4           Sewer (visited)

Altars:
Ashenzari
Dithmenos
Wu Jian
The Shining One

Shops:
D:2 (?**?

Annotations:
D:5 2 runed translucent doors


Innate Abilities, Weirdness & Mutations

You have very sharp teeth.
Your uncanny sense of smell can sniff out nearby items.
Your experience applies equally to all skills.


Message History

Confirm with . or Enter, or press ? or * to list all spells.
Your hands begin to glow red.
The gnoll shouts!
The gnoll misses you. The gnoll closely misses you.
The gnoll hits you with a +0 spear! The gnoll completely misses you.
There is a stone staircase leading up here.
You barely miss the gnoll. The gnoll hits you with a +0 spear.
The gnoll misses you.
You hit the gnoll but do no damage.
The gnoll appears confused.
Casting: Confusing Touch (dangerous; 3% risk of failure)
Confirm with . or Enter, or press ? or * to list all spells.
Your hands begin to glow red.
The hound completely misses you.
The gnoll hits the gnoll with a +0 spear.
The gnoll hits you with a +0 spear. The hound bites you.
What are your orders? t - Bark!
Orders for allies: a - Attack new target. r - Retreat! s - Stop attacking. g - Guard the area. f - Follow me.
Anything else - Cancel.
You bark for attention!
The gnoll misses you. The gnoll hits you with a +0 spear. The hound bites you.
What are your orders? t - Bark!
Orders for allies: a - Attack new target. r - Retreat! s - Stop attacking. g - Guard the area. f - Follow me.
Anything else - Cancel.
You bark for attention!
The hound bites you but does no damage. The gnoll misses you.
The hound bites you but does no damage.
You hit the gnoll but do no damage.
The gnoll appears confused.
The gnoll hits you with a +0 spear. The gnoll hits you with a +0 flail!
* * * LOW HITPOINT WARNING * * *
The hound bites you.
* * * LOW HITPOINT WARNING * * *
The hound bites you.
* * * LOW HITPOINT WARNING * * *
The gnoll hits you with a +0 spear!
You die...

#...$..#..##....
.......#.......?
..............
#...........
+........###### #
#......?......#
#.#.............#
#.#......ggh....#
.##......###@..g..#
# ..<......#
#.....?#
#∆#.......#
######## #
..#.......# ##
.........# #.
..##......# #######
#. ..........#
#.....# #.
####...### #.....#
#. ##..#.##
#.....#### ##


You could see a hound and 3 gnolls.

Vanquished Creatures
  A black bear (D:5)
  A sky beast (D:4)
  An ogre (D:5)
  A phantom (D:4)
  A kobold brigand (Sewer)
  2 hounds (D:5)
  A jelly (D:4)
  3 iguanas
  Natasha (thrice) (D:4)
  4 river rats
  6 adders
  2 worms
  A dart slug (D:1)
  5 orcs
  4 endoplasms
  2 giant cockroaches
  4 hobgoblins
  4 jackals
  3 ball pythons
  5 bats
  2 frilled lizards (D:2)
  3 goblins
  10 kobolds
  9 rats
78 creatures vanquished.

Vanquished Creatures (collateral kills)
  3 orcs (D:5)
  A jackal (Sewer)
4 creatures vanquished.

Grand Total: 82 creatures vanquished

Notes
Turn   | Place    | Note
-------+----------+-------------------------------------------
     0 | D:1      | porpoise the Gnoll Enchanter began the quest for the Orb.
     0 | D:1      | Reached XP level 1. HP: 13/13 MP: 6/6
   313 | D:1      | Reached XP level 2. HP: 13/19 MP: 7/7
   439 | D:1      | Learned a level 2 spell: Ensorcelled Hibernation
  1015 | D:2      | Found Ugiuleka's Assorted Antiques.
  1208 | D:2      | Found Copagar's Antique Weapon Shop.
  1458 | D:2      | Found Qewena's Magic Scroll Shop.
  1584 | D:2      | Reached skill level 5 in Spellcasting
  1584 | D:2      | Reached XP level 3. HP: 15/25 MP: 3/9
  1814 | D:2      | Reached skill level 1 in Invocations
  1844 | D:2      | Found Toost's General Store.
  1898 | D:2      | Found Mipn's Magic Scroll Emporium.
  2201 | D:3      | Learned a level 3 spell: Confusing Touch
  2205 | D:3      | Learned a level 3 spell: Tukima's Dance
  2259 | D:3      | Reached skill level 1 in Fighting
  2259 | D:3      | Reached skill level 1 in Long Blades
  2259 | D:3      | Reached skill level 1 in Axes
  2259 | D:3      | Reached skill level 1 in Maces & Flails
  2259 | D:3      | Reached skill level 1 in Polearms
  2259 | D:3      | Reached skill level 1 in Staves
  2259 | D:3      | Reached skill level 1 in Ranged Weapons
  2259 | D:3      | Reached skill level 1 in Throwing
  2259 | D:3      | Reached skill level 1 in Armour
  2259 | D:3      | Reached skill level 1 in Shields
  2259 | D:3      | Reached skill level 1 in Unarmed Combat
  2259 | D:3      | Reached skill level 1 in Evocations
  2259 | D:3      | Reached XP level 4. HP: 32/32 MP: 7/11
  2561 | D:3      | Reached skill level 1 in Conjurations
  2561 | D:3      | Reached skill level 1 in Summonings
  2561 | D:3      | Reached skill level 1 in Necromancy
  2561 | D:3      | Reached skill level 1 in Translocations
  2561 | D:3      | Reached skill level 1 in Transmutations
  2561 | D:3      | Reached skill level 1 in Fire Magic
  2561 | D:3      | Reached skill level 1 in Ice Magic
  2561 | D:3      | Reached skill level 1 in Air Magic
  2561 | D:3      | Reached skill level 1 in Earth Magic
  2561 | D:3      | Reached skill level 1 in Poison Magic
  3252 | D:4      | Reached XP level 5. HP: 35/37 MP: 10/12
  3451 | D:4      | Noticed a phantom
  3455 | D:4      | Found a glowing drain.
  3457 | D:4      | Noticed Natasha
  3471 | D:4      | Killed Natasha
  3488 | D:4      | Killed a phantom
  3489 | D:4      | Reached skill level 5 in Dodging
  3489 | D:4      | Reached XP level 6. HP: 28/44 MP: 3/14
  3504 | Sewer    | Entered a sewer
  3817 | Sewer    | Found a white marble altar of Elyvilon.
  3949 | D:4      | Noticed a sky beast
  3952 | D:4      | Killed a sky beast
  3953 | D:4      | Reached XP level 7. HP: 51/51 MP: 15/15
  3973 | D:4      | Found an ornate altar of the Wu Jian Council.
  3995 | D:4      | Noticed Natasha
  4001 | D:4      | Killed Natasha
  4149 | D:4      | Noticed Natasha
  4177 | D:4      | Killed Natasha
  4353 | D:4      | Found a broken altar of Ashenzari.
  4360 | D:4      | Became a worshipper of Ashenzari the Shackled
  4606 | D:4      | Found a staircase to the Ecumenical Temple.
  4654 | D:5      | Entered Level 5 of the Dungeon
  4880 | D:5      | Found a shadowy altar of Dithmenos.
  4880 | D:5      | Found a glowing golden altar of the Shining One.
  5021 | D:5      | Found a large runed translucent door.
  5021 | D:5      | Found a large runed translucent door.
  5116 | D:5      | Slain by a gnoll

Illustrated notes

Levels and vault maps discovered:
D:1:      mrwooster_arrival_statue, layout_loops_ring
D:2:      layout_basic, serial_shops, nicolae_shop_competitors_out_of_business,
          shop, nicolae_shop_hallway_stairs, shop, shop
D:3:      layout_loops_corners
D:4:      layout_loops_ring, kennysheep_little_box,
          nicolae_wu_jian_immortal_techniques, minmay_temple_entry_antechambers,
          portal_sewer_entry_a, uniq_natasha
D:5:      layout_basic, jmf_multi_god_temple2, nicolae_overflow_two_pavilions

Skill      XL: |  1  2  3  4  5  6  7 |
---------------+----------------------+-----
Spellcasting   | 5 |  5.8
Stealth        | 6 |  6.7
Invocations    | 1 2 3 |  3.2
Fighting       | 1 2 |  2.9
Long Blades    | 1 2 |  2.9
Axes           | 1 2 |  2.9
Maces & Flails | 1 2 |  2.9
Polearms       | 1 2 |  2.9
Staves         | 1 2 |  2.9
Ranged Weapons | 1 2 |  2.9
Throwing       | 1 2 |  2.9
Armour         | 1 2 |  2.9
Shields        | 1 2 |  2.9
Unarmed Combat | 1 2 |  2.9
Evocations     | 1 2 |  2.9
Conjurations   | 1 2 |  2.3
Summonings     | 1 2 |  2.3
Necromancy     | 1 2 |  2.3
Translocations | 1 2 |  2.3
Transmutations | 1 2 |  2.3
Fire Magic     | 1 2 |  2.3
Ice Magic      | 1 2 |  2.3
Air Magic      | 1 2 |  2.3
Earth Magic    | 1 2 |  2.3
Poison Magic   | 1 2 |  2.3
Short Blades   | 3 |  3.9
Dodging        | 5 |  5.4
Hexes          | 6 |  6.0

Action                     |  1- 3 |  4- 6 |  7- 9 || total
---------------------------+-------+-------+-------++-------
  Melee: Dagger            |    75 |   156 |   113 ||   344
         Bite              |     1 |    15 |    15 ||    31
         Short sword       |     6 |       |       ||     6
         Punch             |     1 |     1 |     3 ||     5
  Throw: Dart              |       |    11 |       ||    11
   Cast: Ensorcelled Hiber |     7 |       |     3 ||    10
         Confusing Touch   |     1 |    13 |    12 ||    26
         Tukima's Dance    |       |     1 |     6 ||     7
    Use: Scroll            |       |     8 |     1 ||     9
   Stab: Sleeping          |    16 |     8 |     3 ||    27
         Confused          |     1 |     8 |     6 ||    15
 Armour: Robe              |    16 |    30 |    19 ||    65
  Dodge: Dodged            |    38 |   120 |    76 ||   234

Table legend: (Time is in decaauts)
 A = Elapsed time spent in this place.
 B = Non-inter-level travel time spent in this place.
 C = Inter-level travel time spent in this place.
 D = Time resting spent in this place.
 E = Time spent auto-exploring this place.
 F = Levels seen in this place.
 G = Mean time per level.
                   A        B        C        D        E       F      G
               +--------+--------+--------+--------+--------+-----+--------+
         Total |   5098 |   4927 |    171 |   1306 |   2651 |   6 |  849.7 |
       Dungeon |   4649 |   4478 |    171 |   1166 |   2576 |   5 |  929.8 |
         Sewer |    448 |    448 |      0 |    140 |     74 |   1 |  448.0 |
               +--------+--------+--------+--------+--------+-----+--------+

Top non-repeatable levels by time:
     D:3: 1197 daAuts
     D:2: 1115 daAuts
     D:4: 952 daAuts
     D:1: 935 daAuts
   Sewer: 448 daAuts
     D:5: 448 daAuts
